 Dungeon Crawl Stone Soup version 0.28-a0-476-g0f06bd746f (webtiles) character file.

Game seed: 7850658709698630730

11 pepper333 the Skirmisher (level 2, -1/26 HPs)
             Began as a Draconian Berserker on Sept 16, 2021.
             Was a Follower of Trog.
             Frozen to death by an endoplasm (5 damage)
             ... on level 1 of the Dungeon.
             The game lasted 00:00:46 (398 turns).

pepper333 the Skirmisher (Draconian Berserker)       Turns: 398, Time: 00:00:46

Health: -1/26      AC:  4    Str: 19    XL:     2   Next: 13%
Magic:  2/2        EV: 12    Int:  7    God:    Trog [*.....]
Gold:   16         SH:  0    Dex: 10    Spells: 1/1 levels left

rFire   . . .      SeeInvis .   a - +0 falchion
rCold   . . .      Faith    .   (no shield)
rNeg    . . .      Spirit   .   (armour unavailable)
rPois   .          Reflect  .   (helmet restricted)
rElec   .          Harm     .   (no cloak)
rCorr   .          Rampage  .   (no gloves)
Will    .....                   (no boots)
Stlth   +.........              (no amulet)
HPRegen 0.08/turn               (no ring)
MPRegen 0.08/turn               (no ring)

@: slowed, very slow
A: AC +4, unfitting armour, cold-blooded
a: Renounce Religion, Berserk


You were on level 1 of the Dungeon.
You worshipped Trog.
Trog was aware of your devotion.
You visited 1 branch of the dungeon, and saw 1 of its levels.

You collected 16 gold pieces.

Inventory:

Hand Weapons
 a - a +0 falchion (weapon)
Scrolls
 b - a scroll of identify {unknown}
 c - a scroll of summoning {unknown}


   Skills:
 + Level 3.4 Fighting
 + Level 3.3 Long Blades
 + Level 2.9 Dodging


You had one spell level left.
You didn't know any spells.
Your spell library was empty.

Dungeon Overview and Level Annotations

Branches:
Dungeon (1/15)

Altars:


Innate Abilities, Weirdness & Mutations

Your plain brown scales are hard. (AC +4)
You cannot fit into any form of body armour.
You are cold-blooded and may be slowed by cold attacks.


Message History

The quokka is moderately wounded.
The quokka closely misses you. The goblin barely misses you.
The goblin closely misses you. The endoplasm barely misses you.
The quokka barely misses you.
You hit the quokka but do no damage.
The quokka is lightly wounded.
The goblin hits you with a +0 club. The goblin barely misses you.
The endoplasm freezes you.
You are frozen.
You feel yourself slow down. The quokka completely misses you.
The kobold hits you with a +0 short sword.
You closely miss the quokka.
The quokka is lightly wounded.
The quokka twitches its whiskers.
The quokka closely misses you. The goblin hits you with a +0 club.
The goblin misses you. The endoplasm freezes you.
You are frozen.
You feel as though you will be slow longer.
The kobold hits you with a +0 short sword.
The quokka bites you but does no damage.
The goblin barely misses you. x2
The endoplasm freezes you.
You are frozen.
You feel as though you will be slow longer.
You closely miss the quokka.
You tail-slap the quokka, but do no damage.
The quokka is lightly wounded.
The quokka bites you.
* * * LOW HITPOINT WARNING * * *
The kobold hits you with a +0 short sword.
* * * LOW HITPOINT WARNING * * *
The goblin completely misses you. The goblin barely misses you.
The endoplasm freezes you.
You are frozen.
* * * LOW HITPOINT WARNING * * *
The quokka misses you. The kobold misses you.
The goblin hits you but does no damage. x2
The endoplasm freezes you.
You are frozen.
You die...

#....#.#####.##
####....#.........
+.................
####....#######...
#....# ####
##########....#
########
..........#####
#.......
......g...#
#.######
......g@..#
#.......
......JrK.#
###.####
..........#
#######
..........#
#......
..........#
#.#####
..........#
#....##
..........#
####.##
..........#
#....## .######
#.#####


You could see an endoplasm, a quokka, 2 goblins and a kobold.

Vanquished Creatures
  2 endoplasms (D:1)
  A goblin (D:1)
  2 hobgoblins (D:1)
  A quokka (D:1)
  2 kobolds (D:1)
  2 rats (D:1)
10 creatures vanquished.

Notes
Turn   | Place    | Note
-------+----------+-------------------------------------------
     0 | D:1      | pepper333 the Draconian Berserker began the quest for the
                  | Orb.
     0 | D:1      | Reached XP level 1. HP: 19/19 MP: 1/1
   285 | D:1      | Reached XP level 2. HP: 25/26 MP: 2/2
   398 | D:1      | Frozen to death by an endoplasm

Illustrated notes

Levels and vault maps discovered:
D:1:      onia_arrival_pentagram, layout_basic,
          hellmonk_ecumenical_altar_arch_garden

Action                   || total
-------------------------++-------
Melee: Falchion          ||    32
       Tailslap          ||     2
Armor: Skin              ||    10
Dodge: Dodged            ||    43

Table legend: (Time is in decaauts)
 A = Elapsed time spent in this place.
 B = Non-inter-level travel time spent in this place.
 C = Inter-level travel time spent in this place.
 D = Time resting spent in this place.
 E = Time spent auto-exploring this place.
 F = Levels seen in this place.
 G = Mean time per level.
                   A        B        C        D        E       F      G
               +--------+--------+--------+--------+--------+-----+--------+
         Total |    405 |    405 |      0 |      0 |    256 |   1 |  405.0 |
       Dungeon |    405 |    405 |      0 |      0 |    256 |   1 |  405.0 |
               +--------+--------+--------+--------+--------+-----+--------+

Top non-repeatable levels by time:
     D:1: 405 daAuts
